Map: Iron Fortress LE (Void)

Players

Bop

  • Race: Terran Terran

Snake - Winner!

  • Race: Zerg Zerg

VOD

Have the link to the VOD?

Description

Time

  • Played on: May 3, 2015, 10:05 p.m.
  • Length: 12:32
Show
View Real Time Build Order
Export as new Build Order

Bop Terran 

Build Orders: Command Center First (CC), Mech, Siege Tank Drop 

Get SALT Encoding   

  12  0:00  SCV  
  13  0:12  SCV  
  14  0:19  Supply Depot  
  14  0:25  SCV  
  15  0:41  SCV  
  16  0:56  Command Center  
  16  1:00  SCV  
  17  1:11  Barracks  
  17  1:15  SCV  
  18  1:27  Refinery  
  18  1:29  SCV  
  18  1:30  Refinery  
  19  1:41  SCV  
  20  1:56  SCV  
  20  1:57  Supply Depot  
  20  1:59  Marine  
  22  2:09  Orbital Command  
  22  2:13  Orbital Command  
  22  2:21  Marine  
  23  2:29  Factory  
  23  2:37  SCV  
  24  2:42  Marine  
  25  2:47  Bunker  
  25  2:48  SCV  
  25  2:51  SCV  
  27  3:00  SCV  
  27  3:03  SCV  
  27  3:05  Marine  
  30  3:13  SCV  
  30  3:15  SCV, Starport, Factory Tech Lab  
  32  3:25  SCV  
  33  3:27  SCV  
  33  3:29  Marine  
  35  3:34  Siege Tank  
  35  3:37  SCV  
  39  3:44  Command Center  
  39  3:50  Supply Depot  
  39  3:51  SCV  
  39  3:52  SCV  
  39  3:55  Marine, Medivac  
  44  4:03  SCV  
  44  4:04  SCV  
  46  4:12  Siege Tank  
  46  4:15  Supply Depot  
  46  4:17  Marine  
  49  4:19  SCV x2  
  52  4:25  Medivac  
  52  4:27  Refinery x2  
  52  4:28  Armory  
  54  4:35  Supply Depot  
  54  4:37  SCV  
  55  4:40  Factory  
  55  4:54  SCV x2  
  57  5:02  Siege Tank  
  57  5:06  SCV  
  61  5:15  SCV x2  
  61  5:18  SCV  
  64  5:27  SCV  
  66  5:30  SCV, Orbital Command  
  66  5:34  Siege Tank  
  69  5:39  SCV  
  70  5:44  Medivac  
  72  5:52  SCV x2  
  72  5:53  Terran Vehicle and Ship Weapons Level 1  
  72  5:55  Factory Tech Lab  
  72  5:56  Factory  
  74  5:57  Barracks Reactor  
  74  6:03  Supply Depot x2  
  74  6:04  SCV x2  
  74  6:06  Siege Tank  
  79  6:24  Thor  
  79  6:25  Viking  
  87  6:26  SCV x2  
  87  6:30  Supply Depot  
  87  6:31  Supply Depot, Orbital Command  
  89  6:38  SCV, Siege Tank  
  93  6:45  Refinery  
  93  6:46  Refinery  
  90  7:06  Factory Reactor  
  90  7:07  Siege Tank  
  90  7:08  SCV x3  
  95  7:10  Siege Tank  
  99  7:20  SCV x2  
  101  7:26  Starport Reactor  
  101  7:31  Supply Depot  
  101  7:35  SCV x3  
  104  7:37  Supply Depot  
  104  7:40  Supply Depot  
  104  7:42  Supply Depot  
  110  7:47  SCV  
  115  7:56  Thor  
  115  7:57  Thor, Widow Mine x2  
  114  8:00  Missile Turret  
  114  8:02  Missile Turret  
  114  8:03  Missile Turret  
  109  8:07  Missile Turret  
  109  8:09  Missile Turret  
  109  8:10  Missile Turret x2  
  109  8:16  SCV x2  
  109  8:17  SCV  
  109  8:19  Missile Turret  
  108  8:20  Missile Turret  
  108  8:22  Missile Turret  
  108  8:25  Missile Turret  
  108  8:26  Widow Mine x2  
  108  8:28  SCV  
  106  8:39  Thor  
  106  8:40  Thor  
  103  8:42  Viking x2  
  103  8:48  Factory  
  98  8:54  Widow Mine  
  98  8:55  Hellion  
  80  9:17  Hellion  
  82  9:20  Factory  
  82  9:21  Factory  
  82  9:22  Siege Tank  
  82  9:23  Siege Tank  
  88  9:25  Orbital Command  
  87  9:31  Hellion  
  87  9:38  SCV x2, Hellion  
  90  9:52  Viking x2  
  82  9:53  Hellion  
  82  9:54  Siege Tank  
  82  9:55  Siege Tank  
  82  9:59  Hellion  
  91  10:03  Missile Turret  
  91  10:04  Missile Turret  
  91  10:13  Factory Tech Lab, Factory Reactor  
  91  10:14  Hellion  
  91  10:20  Infernal Pre-Igniter  
  93  10:23  Refinery  
  93  10:26  Siege Tank  
  93  10:27  Siege Tank  
  99  10:34  Widow Mine  
  99  10:35  Widow Mine  
  101  10:40  Viking  
  101  10:41  Viking  
  107  10:49  SCV x3  
  108  11:01  SCV  
  108  11:03  Hellion  
  111  11:04  Hellion  
  111  11:08  Siege Tank x2  
  111  11:10  Hellion  
  111  11:11  Hellion x2  
  125  11:30  Hellion  
  125  11:35  Hellion  
  123  11:40  Widow Mine  
  123  11:46  Widow Mine x2  
  123  11:47  Siege Tank x2  
  123  11:51  Widow Mine  
  123  11:52  SCV x3  
  106  11:56  Hellion  
  106  11:58  Viking x2  
  91  12:04  SCV  
  91  12:08  SCV x2, Refinery  
Show
View Real Time Build Order
Export as new Build Order

Snake Zerg - Winner!

Build Orders: 3 Hatch before Pool, Muta Ling Bane 

Get SALT Encoding   

  12  0:10  Drone x2  
  14  0:17  Overlord  
  14  0:36  Drone x2  
  16  0:43  Drone  
  17  0:54  Drone  
  18  1:05  Drone  
  19  1:15  Drone  
  19  1:16  Hatchery  
  19  1:25  Hatchery  
  19  1:26  Drone  
  19  1:36  Spawning Pool  
  19  1:39  Extractor  
  17  1:40  Drone  
  18  1:47  Drone  
  19  1:58  Drone  
  20  2:16  Drone  
  20  2:21  Overlord  
  21  2:27  Queen  
  23  2:31  Queen  
  25  2:39  Drone  
  25  2:40  Drone x3  
  25  2:42  Drone  
  30  2:49  Roach Warren  
  30  2:51  Queen  
  29  2:56  Drone x2  
  29  2:58  Drone  
  34  3:01  Drone  
  35  3:06  Drone x2  
  37  3:14  Drone  
  37  3:17  Overlord  
  37  3:18  Drone  
  39  3:20  Overlord  
  39  3:26  Overlord  
  39  3:30  Queen  
  39  3:33  Drone  
  42  3:34  Overlord  
  42  3:41  Drone  
  42  3:42  Drone x4  
  42  3:45  Drone  
  42  3:46  Drone x2  
  50  3:50  Overlord  
  50  3:57  Roach x2  
  50  4:01  Drone x2  
  50  4:02  Drone x2  
  58  4:03  Drone  
  58  4:06  Roach  
  61  4:13  Roach x3  
  67  4:17  Lair  
  67  4:23  Overlord  
  67  4:24  Evolution Chamber  
  67  4:25  Evolution Chamber  
  67  4:26  Spine Crawler  
  64  4:38  Metabolic Boost  
  64  4:40  Extractor  
  64  4:41  Drone x6, Extractor x2  
  67  4:49  Queen  
  69  4:57  Overlord, Zergling x2  
  69  4:58  Zergling x10  
  75  5:02  Overlord  
  75  5:19  Overlord x2  
  75  5:26  Drone x6  
  81  5:30  Extractor  
  78  5:40  Drone  
  78  5:41  Drone x7  
  85  5:44  Spire  
  83  5:54  Drone  
  83  5:55  Drone x5, Extractor  
  88  6:02  Spine Crawler, Zergling x6  
  88  6:03  Hatchery, Drone  
  90  6:10  Zerg Melee Weapons Level 1  
  90  6:11  Overlord, Zerg Ground Armor Level 1  
  90  6:12  Zergling x4  
  90  6:13  Baneling Nest, Zergling x6  
  94  6:20  Drone x2  
  96  6:27  Drone x2  
  96  6:28  Overlord  
  98  6:33  Hatchery  
  98  6:35  Drone x3  
  98  6:59  Mutalisk x8  
  114  7:08  Overlord  
  109  7:09  Drone  
  109  7:10  Drone x9  
  109  7:11  Mutalisk  
  109  7:14  Mutalisk  
  122  7:26  Mutalisk  
  122  7:27  Mutalisk  
  126  7:34  Centrifical Hooks  
  126  7:39  Drone x3  
  126  7:40  Drone x6  
  135  7:47  Drone x2  
  135  7:48  Drone x7  
  135  7:49  Extractor  
  143  7:51  Extractor  
  142  8:09  Hatchery, Zergling x14  
  142  8:10  Zergling x6  
  151  8:13  Zerg Flyer Weapons Level 1  
  151  8:14  Pneumatized Carapace, Zerg Melee Weapons Level 2, Infestation Pit, Overseer  
  151  8:16  Zergling x4  
  151  8:18  Spine Crawler  
  151  8:19  Zerg Ground Armor Level 2  
  151  8:31  Zergling x12  
  149  8:48  Overlord  
  149  8:50  Hive  
  149  8:53  Overlord x9  
  147  9:06  Extractor  
  144  9:10  Extractor  
  144  9:12  Overlord  
  143  9:17  Drone x2  
  143  9:20  Drone  
  143  9:21  Drone x16  
  160  9:26  Drone, Overlord  
  160  9:37  Spine Crawler  
  155  9:41  Spine Crawler  
  155  9:42  Spine Crawler  
  140  9:58  Zergling x12  
  140  9:59  Zergling x34  
  159  10:08  Ultralisk Cavern  
  158  10:28  Baneling x8  
  158  10:29  Baneling x9  
  149  10:55  Hatchery  
  149  10:56  Ultralisk  
  149  10:57  Ultralisk x5  
  184  10:58  Chitinous Plating  
  184  11:04  Ultralisk  
  188  11:15  Ultralisk, Overseer  
  166  12:01  Overseer x2  
  195  12:07  Overlord  
  195  12:09  Drone  
  195  12:11  Drone  
  195  12:12  Drone x3  
  194  12:30  Extractor  
  194  12:32  Extractor  
Tags
 
Add a new tag
Caveats
  • Supply blocks, unpowered buildings, or Contaminate may cause inaccurate times.
  • Supply counts are checked every 10 seconds.